 Dungeon Crawl Stone Soup version 0.26.0-10-g1f06aea511 (webtiles) character file.

Game seed: 14665650110368424774

368 Borgoz the Slasher (level 6, -6/51 HPs)
             Began as a Ghoul Gladiator on Jan 15, 2021.
             Splashed by Ijyb's acid (13 damage)
             ... on level 3 of the Dungeon.
             The game lasted 00:03:44 (3198 turns).

Borgoz the Slasher (Ghoul Gladiator)                Turns: 3198, Time: 00:03:45

Health: -6/51      AC: -5    Str: 18    XL:     6   Next: 69%
Magic:  5/5        EV: 11    Int:  3    God:
Gold:   171        SH:  0    Dex: 12    Spells: 5/5 levels left

rFire    . . .     SeeInvis .   a - +0 long sword
rCold    + . .     Faith    .   (no shield)
rNeg     + + +     Spirit   .   p - +0 scale mail
rPois    ∞         Reflect  .   c - +0 helmet
rElec    .         Harm     .   r - +0 cloak
rCorr    .         Rampage  .   o - +0 pair of gloves
Will     .....                  (no boots)
Stlth    ..........             (no amulet)
HPRegen  0.00/turn              (no ring)
MPRegen  0.09/turn              (no ring)

@: corroded
A: claws 1, cold resistance 1, negative energy resistance 3, inhibited
regeneration, torment resistance, unbreathing
a: no special abilities


You were on level 3 of the Dungeon.
You visited 1 branch of the dungeon, and saw 3 of its levels.
You also visited: Sewer.

You collected 171 gold pieces.

Inventory:

Hand Weapons
 a - a +0 long sword (weapon)
Missiles
 d - 2 throwing nets (quivered)
Armour
 c - a +0 helmet (worn)
 o - a +0 pair of gloves (worn)
 p - a +0 scale mail (worn)
 r - a +0 cloak (worn)
Scrolls
 b - 2 scrolls of magic mapping {unknown}
 f - a scroll of immolation {unknown}
 g - 3 scrolls of remove curse {unknown}
 h - a scroll of identify {unknown}
 j - a scroll of blinking {unknown}
 k - a scroll of teleportation {unknown}
Potions
 e - 2 potions of flight {unknown}
 l - a potion of berserk rage
 m - a potion of haste {unknown}
 n - 2 potions of attraction {unknown}
 q - a potion of curing


   Skills:
 + Level 3.6 Fighting
 * Level 4.2 Long Blades
 - Level 1.7 Throwing
 * Level 3.3 Armour
 + Level 3.6 Dodging


You had 5 spell levels left.
You didn't know any spells.
Your spell library was empty.

Dungeon Overview and Level Annotations

Branches:
Dungeon (3/15)              Sewer (visited)

Altars:
Gozag

Annotations:
D:3 Ijyb


Innate Abilities, Weirdness & Mutations

You thrive by killing the living.
You are immune to poison.
You have sharp fingernails.
Your flesh is cold resistant. (rC+)
You are immune to negative energy. (rN+++)
You do not regenerate when monsters are visible.
You are immune to unholy pain and torment.
You can survive without breathing.


Message History

Ijyb is moderately wounded.
Ijyb struggles against the net.
Ijyb zaps a wand.
The bolt of acid hits you! The acid corrodes you!
You are splashed with acid!
* * * LOW HITPOINT WARNING * * *
Ijyb struggles against the net.
You catch the helpless Ijyb completely off-guard!
You hit Ijyb but do no damage.
Ijyb is moderately wounded.
You hit Ijyb but do no damage.
Ijyb is moderately wounded.
Ijyb screams, "Get away!"
Ijyb zaps a wand.
The bolt of acid misses you.
Ijyb struggles against the net.
You hit Ijyb.
Ijyb is heavily wounded.
You hit Ijyb but do no damage.
Ijyb is heavily wounded.
Ijyb zaps a wand.
The bolt of acid hits you!
* * * LOW HITPOINT WARNING * * *
The acid corrodes you!
You are splashed with acid!
You die...

...##......##.# #.........
##............# #.........
..............# #.....)...
..........(..# #######.#+##
............# ### ...........#
............# #.. ...........#
.....).)....# #.# ...........#
....##)###### ##g#####+#........#
....#...### ###.@.#..........#..<
......⌠.(.###(..⌠............#.#.
....#....(........#..........#...
##..###....>....###..........####
#....###)÷...###............#
#......##.⌠.##..............#
##...###.....###...........#####
#.###....<....###..............
#.#...†.........#...........##.


You could see Ijyb (caught).

Vanquished Creatures
  A centaur (D:3)
  A big kobold (Sewer)
  An orc priest (D:3)
  An orc wizard (D:3)
  Terence (D:2)
  2 adders (D:2)
  3 river rats (Sewer)
  3 dart slugs (D:2)
  6 leopard geckos
  5 orcs (D:3)
  4 giant cockroaches
  8 goblins
  8 hobgoblins
  3 jackals
  2 quokkas (D:2)
  A ball python (D:1)
  4 bats
  2 frilled lizards (D:1)
  17 kobolds
  4 rats
77 creatures vanquished.

Notes
Turn   | Place    | Note
-------+----------+-------------------------------------------
     0 | D:1      | Borgoz the Ghoul Gladiator began the quest for the Orb.
     0 | D:1      | Reached XP level 1. HP: 17/17 MP: 0/0
   229 | D:1      | Reached XP level 2. HP: 21/24 MP: 1/1
   377 | D:1      | Reached skill level 1 in Armour
   390 | D:1      | Reached skill level 3 in Long Blades
   610 | D:1      | Reached XP level 3. HP: 25/30 MP: 2/2
   837 | D:2      | Found an opulent altar of Gozag.
  1153 | D:2      | Noticed Terence
  1163 | D:2      | Killed Terence
  1164 | D:2      | Reached XP level 4. HP: 30/37 MP: 3/3
  2008 | D:3      | Found a glowing drain.
  2160 | Sewer    | Entered a sewer
  2171 | Sewer    | Reached XP level 5. HP: 31/45 MP: 4/4
  2566 | Sewer    | Noticed a big kobold
  2579 | Sewer    | Killed a big kobold
  2610 | Sewer    | Found a white marble altar of Elyvilon.
  2879 | D:3      | Reached skill level 4 in Long Blades
  2879 | D:3      | Reached XP level 6. HP: 34/51 MP: 5/5
  3185 | D:3      | Noticed Ijyb
  3190 | D:3      | HP: 2/51 [acid (15)]
  3198 | D:3      | Splashed by Ijyb's acid

Illustrated notes

Levels and vault maps discovered:
D:1:      dpeg_arrival_more_subterranean_lakeside_camping, layout_loops_ring
D:2:      layout_loops_ring, lemuel_crystal_altar, uniq_terence
D:3:      layout_basic, portal_sewer_entry_f, minivault_19, grunt_ministairs_13,
          uniq_ijyb

Skill      XL: |  1  2  3  4  5  6 |
---------------+-------------------+-----
Armour         | 1 2 3 |  3.3
Long Blades    | 3 4 |  4.2
Dodging        | 3 |  3.6
Fighting       | 3 |  3.6
Throwing       | |  1.7

Action                   |  1- 3 |  4- 6 || total
-------------------------+-------+-------++-------
Melee: Long sword        |    82 |   157 ||   239
Throw: Throwing net      |       |     1 ||     1
  Use: Potion            |       |     5 ||     5
 Stab: Held in net/web   |       |     1 ||     1
Armor: Leather armour    |    26 |    16 ||    42
       Scale mail        |       |    61 ||    61
Dodge: Dodged            |    64 |   103 ||   167
       Rpst.: Long sword |    18 |    31 ||    49
